 Dungeon Crawl Stone Soup version 0.29.1-2-gbd0b4ee654 (webtiles) character file.

Game seed: 17059318700043135967

60 safid the Shooter (level 3, -2/33 HPs)
             Began as a Minotaur Hunter on Oct 26, 2022.
             Slain by Ijyb
             ... wielding a +0 club
              (4 damage)
             ... on level 3 of the Dungeon.
             The game lasted 00:02:11 (1824 turns).

safid the Shooter (Minotaur Hunter)                 Turns: 1824, Time: 00:02:12

Health: -2/33      AC:  3    Str: 15    XL:     3   Next: 80%
Magic:  2/2        EV: 16    Int:  6    God:
Gold:   38         SH:  0    Dex: 15    Spells: 2/2 levels left

rFire   . . .      SeeInvis .   a - +0 shortbow
rCold   + . .      Faith    .   (shield currently unavailable)
rNeg    . . .      Spirit   .   c - +0 leather armour
rPois   .          Reflect  .   (helmet restricted)
rElec   .          Harm     .   (no cloak)
rCorr   .          Rampage  .   (no gloves)
Will    .....                   (no boots)
Stlth   +.........              (no amulet)
HPRegen 0.11/turn               j - ring of protection from cold
MPRegen 0.08/turn               k - +4 ring of evasion

@: mighty
A: horns 2, retaliatory headbutt
a: no special abilities


You were on level 3 of the Dungeon.
You visited 1 branch of the dungeon, and saw 3 of its levels.

You collected 90 gold pieces.
You spent 52 gold pieces at shops.

Inventory:

Hand Weapons
 a - a +0 shortbow (weapon)
Armour
 c - a +0 leather armour (worn)
Jewellery
 j - a ring of protection from cold (left hand)
 k - a +4 ring of evasion (right hand)
Scrolls
 d - a scroll of blinking {unknown}
 g - a scroll of enchant armour {unknown}
 h - 2 scrolls of butterflies {unknown}
 i - 4 scrolls of identify {unknown}
 o - a scroll of summoning {unknown}
Potions
 b - a potion of mutation {unknown}
 e - 2 potions of resistance {unknown}
 f - 2 potions of heal wounds {unknown}
 l - 3 potions of lignification {unknown}


   Skills:
 + Level 4.0 Fighting
 + Level 5.2 Ranged Weapons
 - Level 2.1 Dodging
 - Level 0.7 Stealth


You had 2 spell levels left.
You didn't know any spells.
Your spell library contained the following spells:

 Spells                   Type           Power      Damage    Failure   Level
 Sandblast                Erth           0%         2d4       52%         1
 Ensorcelled Hibernation  Hex/Ice        0%         N/A       67%         2
 Passwall                 Tmut/Erth      0%         N/A       67%         2
 Stone Arrow              Conj/Erth      0%         3d7       88%         3
 Swiftness                Air            0%         N/A       88%         3


Dungeon Overview and Level Annotations

Branches:
Dungeon (3/15)

Altars:

Shops:
D:2 !

Annotations:
D:3 Ijyb


Innate Abilities, Weirdness & Mutations

You have a pair of horns on your head.
You reflexively headbutt those who attack you in melee.


Message History

Aim: Ijyb, wielding a +0 club, wearing a +0 chain mail and carrying a wand of flame (16) (heavily wounded, 63% to hit)
You shoot an arrow. The arrow hits Ijyb but does no damage.
Ijyb is heavily wounded.
Ijyb hits you with a +0 club.
* * * LOW HITPOINT WARNING * * *
Unknown command.
Fire: a) +0 shortbow
Press: ? - help, Q - select action Shift-Dir - straight line, f/p - Ijyb
Aim: Ijyb, wielding a +0 club, wearing a +0 chain mail and carrying a wand of flame (16) (heavily wounded, 63% to hit)
You shoot an arrow. The arrow barely misses Ijyb.
Ijyb closely misses you. Ijyb barely misses you.
It was a potion of might.
You feel very mighty all of a sudden. Ijyb barely misses you.
Fire: a) +0 shortbow
Press: ? - help, Q - select action Shift-Dir - straight line, f/p - Ijyb
Aim: Ijyb, wielding a +0 club, wearing a +0 chain mail and carrying a wand of flame (16) (heavily wounded, 63% to hit)
You shoot an arrow. The arrow barely misses Ijyb.
Ijyb hits you but does no damage.
Unknown command.
You feel better.
Ijyb zaps a wand.
The puff of flame misses you.
Fire: a) +0 shortbow
Press: ? - help, Q - select action Shift-Dir - straight line, f/p - Ijyb
Aim: Ijyb, wielding a +0 club, wearing a +0 chain mail and carrying a wand of flame (15) (heavily wounded, 63% to hit)
You shoot an arrow. The arrow hits Ijyb.
Ijyb is severely wounded.
Ijyb zaps a wand.
The puff of flame hits you!
* * * LOW HITPOINT WARNING * * *
Fire: a) +0 shortbow
Press: ? - help, Q - select action Shift-Dir - straight line, f/p - Ijyb
Aim: Ijyb, wielding a +0 club, wearing a +0 chain mail and carrying a wand of flame (14) (severely wounded, 63% to hit)
You shoot an arrow. The arrow closely misses Ijyb.
Ijyb hits you with a +0 club.
* * * LOW HITPOINT WARNING * * *
Fire: a) +0 shortbow
Press: ? - help, Q - select action Shift-Dir - straight line, f/p - Ijyb
Aim: Ijyb, wielding a +0 club, wearing a +0 chain mail and carrying a wand of flame (14) (severely wounded, 63% to hit)
You shoot an arrow. The arrow barely misses Ijyb.
Ijyb hits you with a +0 club.
You die...

#### ...#### .#....##
######### .####..#
#.....!.# †# ##.#
#.......## .# #.#
#........## ## #.##
#.........# ######..###
#..@g...... ....##....#
#..........
###.##....####.....)....
..<..#....'...#####.....
.#...#....###.# .#$##
.....#....# #.# # #
#....###### #.. #.#####
#### ......#


You could see Ijyb.

Vanquished Creatures
  An adder (D:2)
  2 worms
  An orc (D:3)
  2 ball pythons
  5 endoplasms
  A giant cockroach (D:1)
  4 goblins
  2 hobgoblins (D:2)
  4 jackals (D:2)
  3 quokkas
  5 bats
  3 frilled lizards
  3 kobolds
  5 rats
41 creatures vanquished.

Notes
Turn   | Place    | Note
-------+----------+-------------------------------------------
     0 | D:1      | safid the Minotaur Hunter began the quest for the Orb.
     0 | D:1      | Reached XP level 1. HP: 18/18 MP: 0/0
   307 | D:1      | Reached XP level 2. HP: 13/25 MP: 1/1
   610 | D:1      | Found a faded altar of an unknown god.
   946 | D:2      | Found Kaesoant's Distillery.
   951 | D:2      | Reached skill level 5 in Ranged Weapons
   951 | D:2      | Reached XP level 3. HP: 27/31 MP: 2/2
  1029 | D:2      | Bought a potion of curing for 39 gold pieces
  1029 | D:2      | Bought a potion of degeneration for 13 gold pieces
  1690 | D:3      | Found Begikhyu's Assorted Antiques.
  1804 | D:3      | Noticed Ijyb
  1824 | D:3      | Slain by Ijyb

Illustrated notes

Levels and vault maps discovered:
D:1:      spicycebolla_arrival_xxxplode, layout_rooms,
          hellmonk_ecumenical_altar_slurped_away, serial_bayou_pond_d
D:2:      layout_basic, serial_shops, nicolae_shop_statue_plus,
          roderic_lattice_a
D:3:      layout_basic, nicolae_qazlal_scattered_showers, serial_shops,
          shop_fountains, minivault_24, uniq_ijyb

Skill      XL: |  1  2  3 |
---------------+----------+-----
Fighting       | 3 4 |  4.0
Ranged Weapons | 5 |  5.2
Dodging        | |  2.1
Stealth        | |  0.7

Action                   || total
-------------------------++-------
 Fire: Shortbow          ||   114
  Use: Potion            ||     2
Armor: Leather armour    ||     7
Dodge: Dodged            ||    43
